 Dungeon Crawl Stone Soup version 0.30-b1-2-g02819fbbbe (webtiles) character file.

Game seed: 14324819451963772053

62 maniek23 the Skirmisher (level 4, -1/38 HPs)
             Began as a Gnoll Hunter on July 25, 2023.
             Was a Follower of Qazlal.
             Slain by Grinder (7 damage)
             ... while paralysed by Grinder
             ... on level 3 of the Dungeon.
             The game lasted 00:05:21 (1552 turns).

maniek23 the Skirmisher (Gnoll Hunter)              Turns: 1552, Time: 00:05:22

Health: -1/38      AC:  4    Str: 10    XL:     4   Next: 8%
Magic:  5/5        EV:  2    Int:  9    God:    Qazlal [*.....]
Gold:   92         SH:  0    Dex: 17    Spells: 5/5 levels left

rFire   + . .        b - +2 dagger (drain)
rCold   x . .        (no shield)
rNeg    + + +        i - +0 leather armour of Elyvilon {rF+ rC- rN+++ rCorr}
rPois   .            (no helmet)
rElec   .            (no cloak)
rCorr   +            (no gloves)
SInv    .            j - +0 pair of boots
Will    .....        (no amulet)
Stlth   ++           p - ring of flight
HPRegen 0.26/turn    (no ring)
MPRegen 0.09/turn

%: no passive effects
@: paralysed, flying
A: fangs 1, strong nose, distributed training
a: Renounce Religion


You were on level 3 of the Dungeon.
You worshipped Qazlal.
Qazlal was aware of your devotion.
You visited 1 branch of the dungeon, and saw 3 of its levels.

You collected 92 gold pieces.

Inventory:

Hand Weapons
 a - a +0 shortbow
 b - a +2 dagger of draining (weapon)
Armour
 c - a +0 leather armour
 i - the +0 leather armour of Elyvilon (worn) {rF+ rC- rN+++ rCorr}
   (You found it on level 2 of the Dungeon)

   rF:        It protects you from fire.
   rC:        It makes you vulnerable to cold.
   rN:        It renders you almost immune to negative energy.
   rCorr:     It protects you from acid and corrosion.
 j - a +0 pair of boots (worn)
Jewellery
 p - a ring of flight (left hand)
Scrolls
 d - a scroll of fear {unknown}
 e - a scroll of immolation
 f - a scroll of vulnerability {unknown}
 h - 3 scrolls of identify {unknown}
 k - a scroll of enchant weapon {unknown}
 m - a scroll of enchant armour {unknown}
 o - a scroll of blinking {unknown}
Potions
 g - a potion of curing {unknown}
 l - 2 potions of flight {unknown}
 n - a potion of mutation {unknown}


   Skills:
 + Level 4.6 Fighting
 + Level 1.0 Short Blades
 + Level 1.0 Long Blades
 + Level 1.0 Axes
 + Level 1.0 Maces & Flails
 + Level 1.0 Polearms
 + Level 1.0 Staves
 + Level 8.5 Ranged Weapons
 + Level 1.0 Throwing
 + Level 1.0 Armour
 + Level 4.6 Dodging
 + Level 2.5 Stealth
 + Level 1.0 Shields
 + Level 1.0 Unarmed Combat
 + Level 1.0 Spellcasting
 + Level 0.8 Conjurations
 + Level 0.8 Hexes
 + Level 0.8 Summonings
 + Level 0.8 Necromancy
 + Level 0.8 Translocations
 + Level 0.8 Transmutations
 + Level 0.8 Fire Magic
 + Level 0.8 Ice Magic
 + Level 0.8 Air Magic
 + Level 0.8 Earth Magic
 + Level 0.8 Poison Magic
 + Level 1.1 Invocations
 + Level 1.0 Evocations


You had 5 spell levels left.
You didn't know any spells.
Your spell library contained the following spells:

 Spells                   Type           Power      Damage    Failure   Level
 Necrotise                Necr           4%         1d4       34%         1
 Vampiric Draining        Necr           1%         2d6       71%         3
 Olgreb's Toxic Radiance  Pois           1%         N/A       98%         4
 Agony                    Necr           1%         N/A       100%        5
 Discord                  Hex            0%         N/A       100%        8
 Ignition                 Fire           0%         3d3       100%        8


Dungeon Overview and Level Annotations

Branches:
Dungeon (3/15)

Altars:
Qazlal

Annotations:
D:3 Grinder


Innate Abilities, Weirdness & Mutations

You have very sharp teeth.
Your uncanny sense of smell can sniff out nearby items.
Your experience applies equally to all skills.


Message History

Grinder is heavily wounded.
Grinder barely misses you.
You closely miss Grinder.
Grinder is heavily wounded.
Grinder hits you!
You hit Grinder. You punch Grinder, but do no damage.
You bite Grinder, but do no damage.
Grinder is severely wounded.
Grinder misses you.
You hit Grinder but do no damage.
Grinder is severely wounded.
Grinder hits you!
You hit Grinder.
Grinder is severely wounded.
Grinder hits you but does no damage.
You hit Grinder but do no damage. You punch Grinder.
Grinder is severely wounded.
Grinder blinks!
You are too injured to fight recklessly!
You closely miss Grinder. You bite Grinder.
Grinder is severely wounded.
You closely miss Grinder. Your bite misses Grinder.
Grinder is severely wounded.
Grinder hits you!
* * * LOW HITPOINT WARNING * * *
You hit Grinder.
Grinder is severely wounded.
Grinder barely misses you.
You hit Grinder.
Grinder is severely wounded.
Grinder hits you.
* * * LOW HITPOINT WARNING * * *
You hit Grinder. Your bite misses Grinder.
Grinder is almost dead.
Grinder gestures at you.
You suddenly lose the ability to move!
Grinder says, "Mostly I couldn't keep them alive."
Grinder completely misses you. Grinder hits you!
You die...

#.# #.# #.##########
##+# ###.##.......#
##...# #......#####.#
##.....###.#.#..#####.#
#.......##.#.......##.#
...>..5..#.##...##[##.##
.......@.'.†............
......○..####......##.##
#.......## ##........#
##.....## ###.####.#
##...# #.# #.# ##+# #.#
#.# ##.#### #.# #..
#.....# #.# #..
#..##.##### #.#


You could see Grinder.

Vanquished Creatures
  An orc wizard (D:2)
  An adder (D:2)
  A dart slug (D:1)
  4 orcs (D:2)
  3 bats
  3 endoplasms (D:2)
  A goblin (D:2)
  A quokka (D:2)
  A ball python (D:2)
  3 frilled lizards (D:1)
  A kobold (D:2)
  4 rats
24 creatures vanquished.

Notes
Turn   | Place    | Note
-------+----------+-------------------------------------------
     0 | D:1      | maniek23 the Gnoll Hunter began the quest for the Orb.
     0 | D:1      | Reached XP level 1. HP: 20/20 MP: 1/1
    77 | D:1      | Found a faded altar of an unknown god.
    83 | D:1      | Prayed at the altar of an unknown god.
    83 | D:1      | Became a worshipper of Qazlal Stormbringer
    83 | D:1      | Reached * piety under Qazlal
   430 | D:1      | Reached XP level 2. HP: 26/26 MP: 2/2
   810 | D:2      | Identified the +0 leather armour of Elyvilon {rF+ rC- rN+++
                  | rCorr}
  1058 | D:2      | Reached skill level 1 in Invocations
  1058 | D:2      | Reached XP level 3. HP: 28/31 MP: 2/4
  1094 | D:2      | Reached skill level 1 in Short Blades
  1094 | D:2      | Reached skill level 1 in Long Blades
  1094 | D:2      | Reached skill level 1 in Axes
  1094 | D:2      | Reached skill level 1 in Maces & Flails
  1094 | D:2      | Reached skill level 1 in Polearms
  1094 | D:2      | Reached skill level 1 in Staves
  1094 | D:2      | Reached skill level 1 in Throwing
  1094 | D:2      | Reached skill level 1 in Armour
  1094 | D:2      | Reached skill level 1 in Shields
  1094 | D:2      | Reached skill level 1 in Unarmed Combat
  1094 | D:2      | Reached skill level 1 in Spellcasting
  1094 | D:2      | Reached skill level 1 in Evocations
  1436 | D:2      | Reached XP level 4. HP: 38/38 MP: 5/5
  1516 | D:3      | Noticed Grinder
  1525 | D:3      | Paralysed by Grinder for 5 turns
  1550 | D:3      | Paralysed by Grinder for 5 turns
  1552 | D:3      | Slain by Grinder

Illustrated notes

Levels and vault maps discovered:
D:1:      minmay_arrival_shattered_statue, layout_loops_corners,
          ebering_ecumenical_altar_mist
D:2:      layout_loops_ring
D:3:      layout_loops_corners, uniq_grinder, uniq_jessica

Skill      XL: |  1  2  3 |
---------------+----------+-----
Invocations    | 1 |  1.1
Short Blades   | 1 |  1.0
Long Blades    | 1 |  1.0
Axes           | 1 |  1.0
Maces & Flails | 1 |  1.0
Polearms       | 1 |  1.0
Staves         | 1 |  1.0
Throwing       | 1 |  1.0
Armour         | 1 |  1.0
Shields        | 1 |  1.0
Unarmed Combat | 1 |  1.0
Spellcasting   | 1 |  1.0
Evocations     | 1 |  1.0
Fighting       | |  4.6
Ranged Weapons | |  8.5
Dodging        | |  4.6
Stealth        | |  2.5
Conjurations   | |  0.8
Hexes          | |  0.8
Summonings     | |  0.8
Necromancy     | |  0.8
Translocations | |  0.8
Transmutations | |  0.8
Fire Magic     | |  0.8
Ice Magic      | |  0.8
Air Magic      | |  0.8
Earth Magic    | |  0.8
Poison Magic   | |  0.8

Action                     |  1- 3 |  4- 6 || total
---------------------------+-------+-------++-------
  Melee: Dagger            |    21 |    17 ||    38
         Bite              |     3 |     3 ||     6
         Punch             |       |     2 ||     2
   Fire: Shortbow          |    39 |     9 ||    48
 Armour: Leather armour    |     7 |     2 ||     9
  Dodge: Dodged            |    20 |    10 ||    30
  Block: Other             |     4 |       ||     4
